 Dungeon Crawl Stone Soup version 0.22-a0-433-gd2a9cce (webtiles) character file.

147 Veiltonx the Sneak (level 5, 0/24 HPs)
             Began as a Spriggan Enchanter on May 28, 2018.
             Slain by a hobgoblin
             ... wielding a +0 club
              (5 damage)
             ... on level 3 of the Dungeon.
             The game lasted 00:10:18 (2949 turns).

Veiltonx the Sneak (Spriggan Enchanter)             Turns: 2949, Time: 00:10:18

Health: 0/24       AC:  2    Str:  4    XL:     5   Next: 8%
Magic:  6/11       EV: 18    Int: 17    God:
Gold:   145        SH:  0    Dex: 17    Spells: 8/11 levels left

rFire    . . .     SeeInvis +   a - +1 dagger
rCold    . . .     Gourm    .   (shield restricted)
rNeg     . . .     Faith    .   l - +0 robe
rPois    .         Spirit   .   (helmet restricted)
rElec    .         Reflect  .   (no cloak)
rCorr    .         Harm     .   (gloves unavailable)
MR       .....                  (boots unavailable)
Stlth    +++.......             (no amulet)
HPRegen  0.08/turn              (no ring)
MPRegen  0.12/turn              (no ring)

@: very quick
A: very small, unfitting armour, see invisible, herbivore, speed 3, slow
metabolism 2
a: no special abilities


You were on level 3 of the Dungeon.
You were very hungry.

You visited 1 branch of the dungeon, and saw 3 of its levels.

You collected 145 gold pieces.

Inventory:

Hand Weapons
 a - a +1 dagger (weapon)
 b - a +0 hunting sling
Missiles
 k - 76 stones (quivered)
Armour
 l - a +0 robe (worn)
Jewellery
 f - an uncursed amulet of guardian spirit {unknown}
Scrolls
 e - 3 scrolls of identify {unknown}
 g - 2 scrolls of blinking {unknown}
 i - a scroll of random uselessness {unknown}
 j - a scroll of fear {unknown}
Potions
 c - 2 potions of resistance {unknown}
 h - 3 potions of curing {unknown}
Comestibles
 d - 3 rations


   Skills:
 + Level 2.5 Short Blades
 - Level 3.3 Dodging
 + Level 5.6 Stealth
 + Level 3.7 Spellcasting
 + Level 4.4 Hexes
 + Level 1.2 Ice Magic


You had 8 spell levels left.
You knew the following spells:

 Your Spells              Type           Power        Failure   Level  Hunger
a - Corona                Hex            ###....      2%          1    None
b - Ensorcelled Hibernat  Hex/Ice        ##....       8%          2    ##.....

Your spell library contained the following spells:

 Spells                   Type           Power        Failure   Level  Hunger
 Confuse                  Hex            ###.....     8%          3    ###....
 Tukima's Dance           Hex            ###.....     8%          3    ###....
 Dazzling Spray           Conj/Hex       ##....       19%         3    ###....


Dungeon Overview and Level Annotations

Branches:
Dungeon (3/15)

Altars:
Fedhas
Kikubaaqudgha

Annotations:
D:3 Ijyb; Totori's ghost, amateur MiAM


Innate Abilities, Weirdness & Mutations

You are very small and have problems with some larger weapons.
You are too small for most types of armour.
You have supernaturally acute eyesight. (SInv)
You are a herbivore.
You cover ground extremely quickly.
You need to consume almost no food.


Message History

The hobgoblin is moderately wounded.
The hobgoblin closely misses you.
You hit the hobgoblin but do no damage.
The hobgoblin is moderately wounded.
The hobgoblin barely misses you.
You hit the hobgoblin but do no damage.
The hobgoblin is moderately wounded.
The hobgoblin barely misses you.
You hit the hobgoblin but do no damage.
The hobgoblin is moderately wounded.
The hobgoblin completely misses you.
You hit the hobgoblin.
The hobgoblin is severely wounded.
The hobgoblin closely misses you.
You closely miss the hobgoblin.
The hobgoblin is severely wounded.
You hit the hobgoblin but do no damage.
The hobgoblin is severely wounded.
The hobgoblin hits you with a club.
You die...

..#....#
#.<.....#
_P#.####
#...(...# ..#.#
#.......# P##.#
##.......# P#..#
##...((#### ...##
#go###.# ...#
##..# #o# #.##
#.g.# #g# #.#
###...# #@# #)#
##.....##..# #.##
##......##.##
#..###...###.##.
##..##).## #.##.
###..)..# #.##.
.##..##.####.##.#
.#....#....o....#
...##...........#


You could see an orc and a hobgoblin.

Vanquished Creatures
  4 adders (D:2)
  2 gnolls (D:3)
  A worm (D:3)
  4 dart slugs
  3 leopard geckos
  7 orcs (D:3)
  2 giant cockroaches
  9 goblins
  A hobgoblin (D:1)
  13 jackals
  2 quokkas (D:2)
  2 ball pythons
  5 bats
  7 frilled lizards
  7 kobolds
  4 rats
73 creatures vanquished.

Vanquished Creatures (others)
  A kobold (D:1)
1 creature vanquished.

Grand Total: 74 creatures vanquished

Notes
Turn   | Place    | Note
-------+----------+-------------------------------------------
     0 | D:1      | Veiltonx the Spriggan Enchanter began the quest for the Orb.
     0 | D:1      | Reached XP level 1. HP: 9/9 MP: 5/5
   188 | D:1      | Reached XP level 2. HP: 5/13 MP: 6/6
   407 | D:1      | Learned a level 2 spell: Ensorcelled Hibernation
  1488 | D:2      | Reached XP level 3. HP: 13/16 MP: 8/8
  1558 | D:2      | Reached skill level 5 in Stealth
  1932 | D:2      | Reached XP level 4. HP: 8/21 MP: 10/10
  2320 | D:2      | Reached skill level 1 in Ice Magic
  2508 | D:3      | Found a blossoming altar of Fedhas.
  2510 | D:3      | Found an ancient bone altar of Kikubaaqudgha.
  2574 | D:3      | HP: 1/21 [jackal (3)]
  2712 | D:3      | Noticed Ijyb
  2714 | D:3      | Reached XP level 5. HP: 11/24 MP: 7/11
  2789 | D:3      | Noticed Totori's ghost (amateur MiAM)
  2949 | D:3      | Slain by a hobgoblin

Vault maps used:
D:1:      saegor_arrival_simple_d, lemuel_old_faithful
D:3:      grunt_temple_overflow_growth_and_decay, lemuel_doored_altar,
          first_ration, uniq_grinder, uniq_sigmund, uniq_ijyb

Skill      XL: |  1  2  3  4 |
---------------+-------------+-----
Spellcasting   | 3 |  3.7
Hexes          | 4 |  4.4
Stealth        | 5 |  5.6
Short Blades   | 2 |  2.5
Ice Magic      | 1 |  1.2
Dodging        | |  3.3

Action                   |  1- 3 |  4- 6 || total
-------------------------+-------+-------++-------
Melee: Dagger            |   179 |   175 ||   354
Throw: Stone             |       |     6 ||     6
 Cast: Ensorcelled Hiber |     7 |    21 ||    28
 Stab: Sleeping          |    16 |    13 ||    29
Armor: Robe              |    26 |    10 ||    36
Dodge: Dodged            |   161 |   124 ||   285

Table legend:
 A = Spawn XP
 B = Non-spawn XP
 C = Spawn XP percentage of total XP
 D = Spawn monster count
 E = Non-spawn monster count
 F = Spawn count percentage of total count
 G = Total turns spent on level
                    A         B        C        D         E        F      G
               +---------+---------+-------+---------+---------+-------+---------
         Total |       0 |     211 |   0.0 |       0 |      73 |   0.0 |  2949
               +---------+---------+-------+---------+---------+-------+---------
           D:1 |       0 |      35 |   0.0 |       0 |      20 |   0.0 |  1451
           D:2 |       0 |     103 |   0.0 |       0 |      34 |   0.0 |  1027
           D:3 |       0 |      73 |   0.0 |       0 |      19 |   0.0 |   471
               +---------+---------+-------+---------+---------+-------+---------
